[ AOE2 MATCH · #506721280 ]
UnrankedBurgundians vs Britons
Rival team · LOSS
[ REPLAY ANALYSIS · EXTRACTED FROM THE RECORDED GAME ]
Feudal
10:14
Castle
20:31
Imperial
—
| APM avg | 101.7 |
| APM peak | 127 |
| eAPM avg | 54.5 |
| Villagers / military | 46 / 30 |
Focus
⚔️ 80.0% · 🌾 20.0%
Skirmisher ×13 · Knight ×8 · Scout Cavalry ×6 · Militia ×3
Feudal
9:43
Castle
—
Imperial
—
| APM avg | 48.1 |
| APM peak | 71 |
| eAPM avg | 22.4 |
| Villagers / military | 52 / 31 |
Focus
⚔️ 22.0% · 🌾 78.0%
Archer ×22 · Spearman ×5 · Militia ×4
Match map
Initial resources + every placement click. Lines = walls · curves = elevation contours. ◆ gold · ⬟ stone · ● berries · ✦ relic · ◌ wall gap
Your base· Open — 2t gap
Kaepirinha's base· Open — 2t gap
Smoothed initial terrain · ◌ = detected wall gap · hover for details
Inputs per minute
— LLaRLLi - - Kaepirinha
Build order — LLaRLLi
138 actions detected in the replay
| 0:00 | Queue | Villager (Male) |
| 0:01 | Queue | Villager (Male) |
| 0:02 | Build | House |
| 0:02 | Build | House |
| 0:11 | Queue | Villager (Male) |
| 0:11 | Queue | Villager (Male) |
| 1:29 | Build | Lumber Camp |
| 1:32 | Queue | Villager (Male) |
| 1:32 | Queue | Villager (Male) |
| 2:03 | Queue | Villager (Male) |
| 2:03 | Queue | Villager (Male) |
| 2:25 | Queue | Villager (Male) |
| 2:53 | Queue | Villager (Male) |
| 3:17 | Queue | Villager (Male) |
| 3:17 | Queue | Villager (Male) |
| 3:22 | Queue | Villager (Male) |
| 3:22 | Queue | Villager (Male) |
| 3:51 | Build | House |
| 4:14 | Queue | Villager (Male) |
| 4:14 | Queue | Villager (Male) |
| 4:31 | Queue | Villager (Male) |
| 4:31 | Queue | Villager (Male) |
| 4:52 | Queue | Villager (Male) |
| 4:55 | Queue | Villager (Male) |
| 5:08 | Build | Barracks |
| 5:27 | Queue | Villager (Male) |
| 5:28 | Queue | Villager (Male) |
| 5:53 | Build | House |
| 6:04 | Queue | Militia |
| 6:04 | Queue | Militia |
| 6:09 | Build | House |
| 6:37 | Queue | Villager (Male) |
| 6:44 | Build | Mill |
| 7:03 | Queue | Villager (Male) |
| 7:29 | Research | Loom |
| 7:52 | Research | Feudal Age |
| 8:12 | Research | Double-Bit Axe |
| 8:21 | Research | Horse Collar |
| 9:38 | Research | Horse Collar |
| 9:53 | Queue | Militia |
| 10:13 | Queue | Villager (Male) |
| 10:14 | Age | Feudal Age |
| 10:19 | Build | Stable |
| 10:29 | Research | Bow Saw |
| 10:36 | Queue | Villager (Male) |
| 10:47 | Build | Farm |
| 10:48 | Build | Farm |
| 10:50 | Queue | Villager (Male) |
| 11:19 | Queue | Scout Cavalry |
| 11:19 | Queue | Scout Cavalry |
| 11:21 | Build | House |
| 11:29 | Queue | Villager (Male) |
| 11:35 | Build | Farm |
| 11:39 | Queue | Scout Cavalry |
| 11:41 | Queue | Villager (Male) |
| 11:43 | Build | Farm |
| 12:03 | Build | Farm |
| 12:13 | Build | Blacksmith |
| 12:26 | Queue | Scout Cavalry |
| 12:26 | Queue | Villager (Male) |
| 12:28 | Build | Farm |
| 12:56 | Queue | Villager (Male) |
| 12:57 | Queue | Scout Cavalry |
| 12:57 | Queue | Villager (Male) |
| 13:08 | Build | Farm |
| 13:17 | Queue | Scout Cavalry |
| 13:25 | Build | House |
| 13:53 | Queue | Villager (Male) |
| 13:55 | Build | Farm |
| 13:56 | Build | Farm |
| 13:58 | Build | Farm |
| 13:59 | Build | Farm |
| 14:08 | Queue | Villager (Male) |
| 14:11 | Build | Archery Range |
| 14:20 | Build | Farm |
| 14:32 | Build | Farm |
| 14:52 | Queue | Villager (Male) |
| 14:57 | Queue | Villager (Male) |
| 14:59 | Build | Farm |
| 15:04 | Build | House |
| 15:12 | Queue | Skirmisher |
| 15:15 | Build | Mining Camp |
| 15:28 | Build | House |
| 15:37 | Queue | Skirmisher |
| 15:45 | Queue | Villager (Male) |
| 15:57 | Queue | Skirmisher |
| 16:14 | Research | Padded Archer Armor |
| 16:15 | Queue | Skirmisher |
| 16:28 | Queue | Villager (Male) |
| 16:34 | Build | Market |
| 16:42 | Queue | Skirmisher |
| 16:56 | Queue | Villager (Male) |
| 16:57 | Queue | Villager (Male) |
| 17:00 | Queue | Skirmisher |
| 17:12 | Queue | Skirmisher |
| 17:23 | Queue | Skirmisher |
| 17:51 | Research | Castle Age |
| 17:51 | Research | Castle Age |
| 18:02 | Build | Palisade Gate |
| 18:03 | Build | House |
| 18:16 | Build | House |
| 18:20 | Queue | Skirmisher |
| 18:40 | Queue | Skirmisher |
| 19:00 | Queue | Skirmisher |
| 19:14 | Build | Farm |
| 19:15 | Build | Farm |
| 19:15 | Build | Farm |
| 19:22 | Research | Fletching |
| 19:22 | Research | Fletching |
| 19:26 | Research | Gold Mining |
| 19:26 | Research | Gold Mining |
| 19:31 | Build | Farm |
| 19:32 | Build | Farm |
| 19:36 | Queue | Villager (Male) |
| 20:12 | Build | Stable |
| 20:15 | Queue | Skirmisher |
| 20:15 | Queue | Skirmisher |
| 20:31 | Age | Castle Age |
| 20:33 | Research | Bodkin Arrow |
| 20:33 | Research | Bodkin Arrow |
| 20:37 | Queue | Villager (Male) |
| 20:47 | Research | Elite Skirmisher (upgrade) |
| 20:50 | Queue | Knight |
| 20:50 | Queue | Knight |
| 20:57 | Queue | Knight |
| 21:02 | Queue | Villager (Male) |
| 21:09 | Queue | Knight |
| 21:36 | Queue | Knight |
| 21:37 | Queue | Knight |
| 21:39 | Build | House |
| 21:40 | Build | House |
| 21:54 | Queue | Villager (Male) |
| 21:58 | Queue | Villager (Male) |
| 22:04 | Queue | Knight |
| 22:04 | Queue | Knight |
| 22:17 | Queue | Villager (Male) |
| 22:31 | Build | Town Center |
| 22:44 | Research | Cavalier (upgrade) |
Build order — Kaepirinha
150 actions detected in the replay
| 0:01 | Queue | Villager (Male) |
| 0:01 | Queue | Villager (Male) |
| 0:02 | Build | House |
| 0:04 | Build | House |
| 0:17 | Queue | Villager (Male) |
| 0:17 | Queue | Villager (Male) |
| 0:17 | Queue | Villager (Male) |
| 1:20 | Queue | Villager (Male) |
| 1:20 | Queue | Villager (Male) |
| 1:51 | Queue | Villager (Male) |
| 1:52 | Queue | Villager (Male) |
| 2:24 | Build | Lumber Camp |
| 2:33 | Queue | Villager (Male) |
| 2:33 | Queue | Villager (Male) |
| 2:44 | Queue | Villager (Male) |
| 3:26 | Build | House |
| 3:44 | Queue | Villager (Male) |
| 3:44 | Queue | Villager (Male) |
| 4:06 | Queue | Villager (Male) |
| 4:06 | Queue | Villager (Male) |
| 4:07 | Queue | Villager (Male) |
| 4:29 | Queue | Villager (Male) |
| 5:00 | Queue | Villager (Male) |
| 5:13 | Build | Mill |
| 5:30 | Queue | Villager (Male) |
| 5:40 | Build | House |
| 5:46 | Queue | Villager (Male) |
| 5:48 | Research | Loom |
| 6:17 | Queue | Villager (Male) |
| 6:22 | Queue | Villager (Male) |
| 6:22 | Research | Loom |
| 7:09 | Research | Feudal Age |
| 7:25 | Build | Barracks |
| 7:35 | Build | Barracks |
| 7:43 | Build | Palisade Wall |
| 7:50 | Queue | Villager (Male) |
| 7:59 | Build | House |
| 8:14 | Queue | Militia |
| 8:16 | Queue | Militia |
| 8:45 | Build | Mining Camp |
| 9:15 | Queue | Villager (Male) |
| 9:36 | Queue | Villager (Male) |
| 9:43 | Age | Feudal Age |
| 10:02 | Research | Double-Bit Axe |
| 10:05 | Queue | Villager (Male) |
| 10:19 | Research | Man-at-Arms (upgrade) |
| 10:29 | Build | House |
| 10:44 | Queue | Villager (Male) |
| 10:46 | Queue | Militia |
| 10:51 | Build | Blacksmith |
| 10:53 | Queue | Villager (Male) |
| 11:16 | Queue | Villager (Male) |
| 11:26 | Build | Archery Range |
| 11:38 | Queue | Militia |
| 11:38 | Queue | Villager (Male) |
| 11:45 | Build | Lumber Camp |
| 11:47 | Build | House |
| 11:50 | Queue | Villager (Male) |
| 12:05 | Build | Farm |
| 12:07 | Queue | Villager (Male) |
| 12:19 | Queue | Archer |
| 12:22 | Queue | Villager (Male) |
| 12:25 | Build | Farm |
| 12:32 | Research | Horse Collar |
| 12:41 | Queue | Spearman |
| 12:47 | Queue | Archer |
| 12:56 | Queue | Archer |
| 12:58 | Queue | Villager (Male) |
| 13:04 | Build | Palisade Wall |
| 13:05 | Build | Palisade Wall |
| 13:06 | Build | Palisade Wall |
| 13:17 | Build | Farm |
| 13:17 | Build | Farm |
| 13:18 | Build | Farm |
| 13:18 | Build | Farm |
| 13:18 | Build | Farm |
| 13:18 | Build | Farm |
| 13:19 | Build | Farm |
| 13:19 | Build | Farm |
| 13:19 | Build | Farm |
| 13:22 | Queue | Villager (Male) |
| 13:37 | Queue | Spearman |
| 13:39 | Build | Palisade Wall |
| 13:40 | Build | Palisade Wall |
| 13:44 | Build | Palisade Wall |
| 13:48 | Queue | Archer |
| 13:55 | Queue | Villager (Male) |
| 14:10 | Queue | Archer |
| 14:20 | Queue | Spearman |
| 14:20 | Queue | Villager (Male) |
| 14:31 | Build | House |
| 14:32 | Build | House |
| 14:36 | Research | Wheelbarrow |
| 15:01 | Research | Fletching |
| 15:01 | Queue | Villager (Male) |
| 15:14 | Queue | Villager (Male) |
| 15:19 | Build | Farm |
| 15:20 | Build | Farm |
| 15:20 | Build | Farm |
| 15:20 | Build | Farm |
| 15:20 | Build | Farm |
| 15:21 | Build | Farm |
| 15:21 | Build | Farm |
| 15:28 | Queue | Archer |
| 15:28 | Queue | Archer |
| 15:37 | Queue | Villager (Male) |
| 15:58 | Queue | Archer |
| 16:03 | Build | Archery Range |
| 16:09 | Queue | Villager (Male) |
| 16:22 | Queue | Villager (Male) |
| 16:43 | Queue | Archer |
| 16:43 | Queue | Villager (Male) |
| 16:48 | Build | Palisade Wall |
| 16:50 | Build | Palisade Wall |
| 16:52 | Queue | Villager (Male) |
| 17:03 | Research | Gold Mining |
| 17:05 | Queue | Spearman |
| 17:09 | Queue | Archer |
| 17:10 | Build | House |
| 17:27 | Build | Palisade Wall |
| 17:35 | Queue | Villager (Male) |
| 17:37 | Build | House |
| 17:44 | Research | Padded Archer Armor |
| 17:45 | Queue | Villager (Male) |
| 18:23 | Queue | Archer |
| 18:23 | Queue | Archer |
| 18:23 | Queue | Villager (Male) |
| 18:46 | Queue | Villager (Male) |
| 19:12 | Build | Mining Camp |
| 19:36 | Queue | Archer |
| 19:37 | Queue | Archer |
| 19:52 | Build | House |
| 19:57 | Build | House |
| 20:06 | Queue | Villager (Male) |
| 20:16 | Build | Palisade Wall |
| 20:41 | Research | Castle Age |
| 20:47 | Build | Archery Range |
| 20:59 | Queue | Archer |
| 20:59 | Queue | Archer |
| 21:25 | Queue | Archer |
| 21:25 | Queue | Archer |
| 21:33 | Build | Market |
| 21:44 | Queue | Archer |
| 21:44 | Queue | Archer |
| 22:04 | Queue | Archer |
| 22:04 | Queue | Archer |
| 22:12 | Queue | Spearman |
| 22:21 | Queue | Villager (Male) |
| 22:21 | Queue | Villager (Male) |
| 22:51 | Build | Palisade Wall |
Match timeline
| 5:08 | LLaRLLi · first_building Barracks |
| 7:25 | Kaepirinha · first_building Barracks |
| 7:43 | Kaepirinha · wall_segment Palisade Wall x1 |
| 9:43 | Kaepirinha · age_up feudal |
| 10:14 | LLaRLLi · age_up feudal |
| 10:19 | LLaRLLi · first_building Stable |
| 11:26 | Kaepirinha · first_building Archery Range |
| 13:04 | Kaepirinha · wall_segment Palisade Wall x1 |
| 13:05 | Kaepirinha · wall_segment Palisade Wall x1 |
| 13:06 | Kaepirinha · wall_segment Palisade Wall x1 |
| 13:39 | Kaepirinha · wall_segment Palisade Wall x1 |
| 13:40 | Kaepirinha · wall_segment Palisade Wall x1 |
| 13:44 | Kaepirinha · wall_segment Palisade Wall x1 |
| 14:11 | LLaRLLi · first_building Archery Range |
| 16:48 | Kaepirinha · wall_segment Palisade Wall x1 |
| 16:50 | Kaepirinha · wall_segment Palisade Wall x1 |
| 17:27 | Kaepirinha · wall_segment Palisade Wall x1 |
| 17:43 | LLaRLLi · first_market_sell 100 wood |
| 20:16 | Kaepirinha · wall_segment Palisade Wall x1 |
| 20:31 | LLaRLLi · age_up castle |
| 22:51 | Kaepirinha · wall_segment Palisade Wall x1 |
| 22:58 | Kaepirinha · resign |
[ AI ANALYSIS · 1 CREDIT ]
What really happened in this match?
Wolo.gg analyzes every decision: build order, eco, micro, common mistakes by bracket. Personalized analysis on WhatsApp or Discord in 30 seconds.
Civ guide
Burgundians
Perfil
Jugador #1371787